 Dungeon Crawl Stone Soup version 0.31-a0-161-gb58dd9be76 (webtiles) character file.

Game seed: 1403292031861153241

244 olmar the Insei (level 6, -5/70 HPs)
             Began as a Gnoll Transmuter on June 12, 2023.
             Was a Follower of Ru.
             Killed by divine providence
             ... invoked by an orc priest
              (11 damage)
             ... on level 4 of the Dungeon.
             The game lasted 00:05:51 (3574 turns).

olmar the Insei (Gnoll Transmuter)                  Turns: 3574, Time: 00:05:51

Health: -5/70      AC: 23    Str: 10    XL:     6   Next: 10%
Magic:  10/14      EV:  2    Int: 14    God:    Ru [*.....]
Gold:   266        SH:  0    Dex: 12    Spells: 9/15 levels left

rFire   . .          .
                       - Unarmed
rCold   . . .        (no shield)
rNeg    . . .        a - melded +0 robe
rPois   +            (helmet currently unavailable)
rElec   .            (cloak currently unavailable)
rCorr   .            (gloves currently unavailable)
SInv    .            (boots currently unavailable)
Will    .....        (no amulet)
Stlth   ++           (no ring)
HPRegen 0.31/turn    (no ring)
MPRegen 0.14/turn

%: no passive effects
@: tree-form, wereblooded
A: stationary, stasis, torment immunity, boosted hp, (fangs 1), hated by all,
strong nose, distributed training
a: Renounce Religion


You were on level 4 of the Dungeon.
You worshipped Ru.
Ru was aware of your devotion.
You were a tree.
You visited 1 branch of the dungeon, and saw 4 of its levels.

You collected 266 gold pieces.

Inventory:

Hand Weapons
 g - a +0 sling
 j - a +0 spear of venom
Missiles
 q - 8 poisoned darts
Armour
 a - a +0 robe (melded)
 i - a +0 helmet
Jewellery
 e - a ring of flight
 o - an amulet of regeneration
Scrolls
 c - a scroll of identify
 k - a scroll of enchant armour
 p - a scroll of teleportation
Potions
 h - a potion of curing
 l - a potion of might
 n - a potion of enlightenment


   Skills:
 + Level 3.2 Fighting
 + Level 1.9 Short Blades
 + Level 1.9 Long Blades
 + Level 1.9 Axes
 + Level 1.9 Maces & Flails
 + Level 1.9 Polearms
 + Level 1.9 Staves
 + Level 1.9 Ranged Weapons
 + Level 1.9 Throwing
 + Level 1.9 Armour
 + Level 4.9 Dodging
 + Level 1.9 Stealth
 + Level 1.9 Shields
 + Level 6.8 Unarmed Combat
 + Level 5.3 Spellcasting
 + Level 1.5 Conjurations
 + Level 1.5 Hexes
   Level 0.0 Summonings
 + Level 1.5 Necromancy
 + Level 1.5 Translocations
 + Level 4.1 Transmutations
 + Level 1.5 Fire Magic
 + Level 1.5 Ice Magic
 + Level 1.5 Air Magic
 + Level 1.5 Earth Magic
 + Level 1.5 Poison Magic
 + Level 2.1 Invocations
 + Level 1.9 Evocations


You had 9 spell levels left.
You knew the following spells:

 Your Spells              Type           Power      Damage    Failure   Level
a - Beastly Appendage     Tmut           30%        N/A       3%          1
b - Wereblood             Tmut           15%        N/A       4%          2
c - Spider Form           Tmut/Pois      11%        N/A       16%         3

Your spell library contained the following spells:

 Spells                   Type           Power      Damage    Failure   Level
 Ozocubu's Armour         Ice            7%         N/A       26%         3
 Ice Form                 Ice/Tmut       11%        N/A       47%         4
 Ozocubu's Refrigeration  Ice            3%         4d8       100%        7


Dungeon Overview and Level Annotations

Branches:
Dungeon (4/15)
 Temple: D:4-7

Altars:
Ru

Annotations:
D:3 3 runed translucent doors, AwFulAwFulPlayer's ghost, amateur HuWn


Innate Abilities, Weirdness & Mutations

You are a tree.
Your roots penetrate the ground, keeping you stationary.
You cannot be teleported.
You are immune to unholy pain and torment.
Your maximum health is greatly increased.
Your equipment is partially melded.
((You have very sharp teeth.))
You are hated by all.
Your uncanny sense of smell can sniff out nearby items.
Your experience applies equally to all skills.


Message History

* * * LOW HITPOINT WARNING * * *
The orc misses you. The orc wizard closely misses you.
Unknown command.
Really quaff the potion of lignification?
Your transformation has ended.
Your +0 robe unmelds from your body.
You turn into a tree.
Your +0 robe melds into your body.
Your roots penetrate the ground.
The orc priest calls upon Beogh to heal the orc.
The orc's wounds heal themselves!
The orc barely misses you. The orc completely misses you.
Unknown command.
You hit the orc priest but do no damage.
Unknown command.
You hit the orc priest.
The orc priest is moderately wounded.
The orc priest hits you with a +0 war axe.
* * * LOW HITPOINT WARNING * * *
The orc hits you but does no damage. x2
The orc wizard hits you but does no damage.
Unknown command.
You smack the orc priest!
The orc priest is almost dead.
The orc priest calls down the wrath of Beogh upon you.
Beogh smites you!
* * * LOW HITPOINT WARNING * * *
The orc priest hits you but does no damage.
The orc hits you but does no damage. x2
The orc wizard hits you but does no damage.
Unknown command.
You hit the orc priest but do no damage.
The orc priest is almost dead.
The orc priest hits you but does no damage. x2
The orc hits you but does no damage. x2
The orc wizard hits you but does no damage.
Unknown command.
You hit the orc priest.
You feel a bit better.
You kill the orc priest!
The orc priest mumbles some strange prayers to Beogh against you.
Beogh smites you!
You die...

.> ##.#.#.#.#.#.#.#. ...
#.....#.#.#.#.#.# ..
#...#.#.#.#.#.#
#.##+....#.#.#.#$#.
#...#...#.#.#.#.#?#
#.......+#.#.#.#.#
#######[..#.#.#.#.#
#...oo.....#.#.#.#.#
#...)♣.+#.#.#.#.#.#.#
......oo.#.#.#...#.#.#.#
....#####.#.#.#.#.#.#.#.
... ######.######.# ..
#b#.#~# #. ###~#.#.# #
..#~..#.#~# ..#####.#.#
........#~#


You could see an orc priest, an orc wizard and 2 orcs.

Vanquished Creatures
  An orc priest (D:4)
  2 adders (D:2)
  10 gnolls (D:3)
  3 worms
  A dart slug (D:3)
  7 ball pythons
  6 bats
  5 endoplasms
  2 giant cockroaches (D:3)
  30 goblins
  23 hobgoblins
  6 jackals (D:1)
  2 quokkas (D:2)
  7 kobolds
  3 rats
108 creatures vanquished.

Notes
Turn   | Place    | Note
-------+----------+-------------------------------------------
     0 | D:1      | olmar the Gnoll Transmuter began the quest for the Orb.
     0 | D:1      | Reached XP level 1. HP: 17/17 MP: 6/6
     3 | D:1      | Noticed an electric eel
     4 | D:1      | Noticed an electric eel
   348 | D:1      | Reached XP level 2. HP: 22/23 MP: 5/7
   398 | D:1      | Learned a level 2 spell: Wereblood
  1014 | D:2      | Reached skill level 5 in Spellcasting
  1014 | D:2      | Reached XP level 3. HP: 13/28 MP: 4/9
  1236 | D:2      | Reached skill level 1 in Invocations
  1492 | D:2      | Reached skill level 1 in Short Blades
  1492 | D:2      | Reached skill level 1 in Long Blades
  1492 | D:2      | Reached skill level 1 in Axes
  1492 | D:2      | Reached skill level 1 in Maces & Flails
  1492 | D:2      | Reached skill level 1 in Polearms
  1492 | D:2      | Reached skill level 1 in Staves
  1492 | D:2      | Reached skill level 1 in Ranged Weapons
  1492 | D:2      | Reached skill level 1 in Throwing
  1492 | D:2      | Reached skill level 1 in Armour
  1492 | D:2      | Reached skill level 1 in Stealth
  1492 | D:2      | Reached skill level 1 in Shields
  1492 | D:2      | Reached skill level 1 in Evocations
  1496 | D:2      | Learned a level 3 spell: Spider Form
  1713 | D:3      | Found a sacrificial altar of Ru.
  1724 | D:3      | Became a worshipper of Ru the Awakened
  1835 | D:3      | Reached XP level 4. HP: 28/34 MP: 2/11
  1920 | D:3      | You fall into a shaft and drop 1 floor!
  1988 | D:3      | Found a runed translucent gate.
  2006 | D:3      | Found a runed translucent gate.
  2007 | D:3      | Found a runed translucent gate.
  2007 | D:3      | Noticed AwFulAwFulPlayer's ghost (amateur HuWn)
  2008 | D:3      | Noticed a black bear
  2335 | D:3      | Reached skill level 1 in Conjurations
  2335 | D:3      | Reached skill level 1 in Hexes
  2335 | D:3      | Reached skill level 1 in Summonings
  2335 | D:3      | Reached skill level 1 in Necromancy
  2335 | D:3      | Reached skill level 1 in Translocations
  2335 | D:3      | Reached skill level 1 in Fire Magic
  2335 | D:3      | Reached skill level 1 in Ice Magic
  2335 | D:3      | Reached skill level 1 in Air Magic
  2335 | D:3      | Reached skill level 1 in Earth Magic
  2335 | D:3      | Reached skill level 1 in Poison Magic
  2528 | D:3      | Reached XP level 5. HP: 30/40 MP: 6/12
  3037 | D:3      | Reached XP level 6. HP: 47/47 MP: 7/13
  3151 | D:3      | Gained mutation: You are hated by all. [Ru sacrifice]
  3151 | D:3      | Reached * piety under Ru
  3574 | D:4      | Killed from afar by an orc priest

Illustrated notes

Levels and vault maps discovered:
D:1:      arrival_aquarium_b, layout_loops_ring, serial_park_tiny_1,
          kennysheep_flooded_box, serial_bayou_lake_a
D:2:      layout_basic, guppyfry_early_lair_pool
D:3:      minmay_goblin_kobold_castle, layout_rooms, nicolae_ru_awakened_eye,
          gammafunk_ghost_split
D:4:      layout_basic, temple_statues, serial_aquarium, aquarium_bridge_square
          [aquarium_subvault_bridge, aquarium_subvault_bridge,
          aquarium_subvault_window, aquarium_subvault_window],
          aquarium_bridge_square [aquarium_subvault_window,
          aquarium_subvault_bridge, aquarium_subvault_bridge,
          aquarium_subvault_bridge], aquarium_window_1,
          aquarium_window_corridor_1, aquarium_window_2, aquarium_view_2e,
          aquarium_pool_four

Skill      XL: |  1  2  3  4  5  6 |
---------------+-------------------+-----
Spellcasting   | 5 |  5.3
Invocations    | 1 2 |  2.1
Short Blades   | 1 |  1.9
Long Blades    | 1 |  1.9
Axes           | 1 |  1.9
Maces & Flails | 1 |  1.9
Polearms       | 1 |  1.9
Staves         | 1 |  1.9
Ranged Weapons | 1 |  1.9
Throwing       | 1 |  1.9
Armour         | 1 |  1.9
Stealth        | 1 |  1.9
Shields        | 1 |  1.9
Evocations     | 1 |  1.9
Conjurations   | 1 |  1.5
Hexes          | 1 |  1.5
Summonings     | 1 0 |  0.0
Necromancy     | 1 |  1.5
Translocations | 1 |  1.5
Fire Magic     | 1 |  1.5
Ice Magic      | 1 |  1.5
Air Magic      | 1 |  1.5
Earth Magic    | 1 |  1.5
Poison Magic   | 1 |  1.5
Fighting       | 3 |  3.2
Transmutations | 4 |  4.1
Dodging        | |  4.9
Unarmed Combat | |  6.8

Action                     |  1- 3 |  4- 6 || total
---------------------------+-------+-------++-------
  Melee: Unarmed           |    88 |   144 ||   232
         Kick              |    11 |    15 ||    26
         Headbutt          |     7 |     7 ||    14
         Bite              |     4 |     7 ||    11
         Punch             |     1 |       ||     1
   Cast: Beastly Appendage |    20 |    15 ||    35
         Wereblood         |    15 |    20 ||    35
         Spider Form       |       |     6 ||     6
 Invoke: Sacrifice Love    |       |     1 ||     1
    Use: Potion            |       |     5 ||     5
         Scroll            |       |     4 ||     4
   Stab: Sleeping          |       |     1 ||     1
 Armour: Robe              |     8 |     8 ||    16
         Skin              |       |    13 ||    13
  Dodge: Dodged            |    47 |   116 ||   163

Table legend: (Time is in decaauts)
 A = Elapsed time spent in this place.
 B = Non-inter-level travel time spent in this place.
 C = Inter-level travel time spent in this place.
 D = Time resting spent in this place.
 E = Time spent auto-exploring this place.
 F = Levels seen in this place.
 G = Mean time per level.
                   A        B        C        D        E       F      G
               +--------+--------+--------+--------+--------+-----+--------+
         Total |   3595 |   3540 |     55 |    147 |   2683 |   4 |  898.8 |
       Dungeon |   3595 |   3540 |     55 |    147 |   2683 |   4 |  898.8 |
               +--------+--------+--------+--------+--------+-----+--------+

Top non-repeatable levels by time:
     D:3: 1684 daAuts
     D:1: 954 daAuts
     D:2: 750 daAuts
     D:4: 205 daAuts
